 Dungeon Crawl Stone Soup version 0.19-a0-1008-g4c63d25 (webtiles) character file.

90 mistymad the Skirmisher (level 4, -5/40 HPs)
             Began as a Ghoul Monk on July 22, 2016.
             Slain by a gnoll
             ... wielding a +0 flail
              (9 damage)
             ... on level 2 of the Dungeon.
             The game lasted 00:02:59 (1701 turns).

mistymad the Skirmisher (Ghoul Monk)                Turns: 1701, Time: 00:03:00

Health: -5/40      AC:  3    Str: 15    XL:     4   Next: 56%
Magic:  3/3        EV: 12    Int:  5    God:
Gold:   119        SH:  0    Dex: 11    Spells: 0 memorised, 3 levels left

rFire  . . .     SeeInvis +     a - +0 hand axe
rCold  + . .     Gourm    .     g - +0 leather armour (curse)
rNeg   + + +     Faith    .     (no shield)
rPois  ∞         Spirit   .     (no helmet)
rElec  .         Dismiss  .     (no cloak)
rCorr  .         Reflect  .     (no gloves)
SustAt .         Harm     .     (no boots)
MR     .....                    (no amulet)
Stlth  ++........               (no ring)
                                d - ring of see invisible (curse)

@: rotting, not resistant to hostile enchantments, unstealthy
A: rotting body, claws 1, carnivore 3, cold resistance 1, negative energy
resistance 3, slow regeneration 1, torment resistance, unbreathing
a: no special abilities


You were on level 2 of the Dungeon.
You were not hungry.

You visited 1 branch of the dungeon, and saw 2 of its levels.

You collected 119 gold pieces.

Inventory:

Hand Weapons
 a - a +0 hand axe (weapon)
Missiles
 n - a throwing net (quivered)
Armour
 g - a cursed +0 leather armour (worn)
 m - a +0 scale mail
Jewellery
 d - a cursed ring of see invisible (left claw)
Scrolls
 e - a scroll of identify
 i - a scroll of amnesia {unknown}
 j - a scroll of remove curse {unknown}
 k - a scroll of noise {unknown}
Potions
 b - 2 potions of curing {unknown}
 f - a potion of heal wounds
Comestibles
 c - a meat ration
 h - a slice of pizza
 l - 6 chunks of flesh


   Skills:
 + Level 3.9 Fighting
 + Level 3.4 Axes
 + Level 1.4 Armour
 - Level 3.0 Dodging
 - Level 2.8 Stealth


You had 3 spell levels left.
You didn't know any spells.

Dungeon Overview and Level Annotations

Branches:
Dungeon (2/15)

Altars:


Innate Abilities, Weirdness & Mutations

Your body is rotting away.
You thrive on raw meat.
You are immune to poison.
You have sharp fingernails.
You are carnivorous and can eat meat at any time.
Your flesh is cold resistant. (rC+)
You are immune to negative energy. (rN+++)
You regenerate slowly when monsters are visible.
You are immune to unholy pain and torment.
You can survive without breathing.


Message History

The gnoll closely misses you.
You slash the gnoll!
The gnoll is almost dead.
The gnoll hits you with a spear.
* * * LOW HITPOINT WARNING * * *
You take 4 damage, and have 9/40 hp.
You hit the gnoll but do no damage.
The gnoll is almost dead.
The gnoll hits you with a spear.
* * * LOW HITPOINT WARNING * * *
You take 5 damage, and have 4/40 hp.
You hit the gnoll.
You kill the gnoll!
Eat one of 6 chunks of flesh? (ye/n/q)
You start eating one of the 6 chunks of flesh.
The gnoll misses you.
Keep eating?
You continue eating.
The gnoll hits you with a flail!
You die...

###....[.####g#
#......# #.#
#......# #g#
.........# #.#
###.####.# #S## #.
#.# #g.## #. ..#
##.#.## ###
#g###.# #
..#########
##@#.## #
..........# ##.##
#
######.#.######.#
### #.#........#
#..
##.###############
#.# #...#
#.....>.# ######.#
## #...# #.#####.#
#......# .# #...#
#.# #.###<######
.# #.[.# #.#
#.....# #


You could see a gnoll.

Vanquished Creatures
  3 gnolls (D:2)
  2 adders (D:2)
  2 oozes (D:1)
  A dart slug (D:1)
  5 bats (D:1)
  A giant cockroach (D:2)
  3 goblins (D:1)
  A hobgoblin (D:1)
  6 jackals (D:2)
  A kobold (D:2)
  A ball python (D:2)
  4 giant newts
  6 rats
36 creatures vanquished.

Notes
Turn   | Place    | Note
-------+----------+-------------------------------------------
     0 | D:1      | mistymad the Ghoul Monk began the quest for the Orb.
     0 | D:1      | Reached XP level 1. HP: 19/19 MP: 0/0
   203 | D:1      | Reached XP level 2. HP: 25/26 MP: 1/1
   617 | D:1      | Reached XP level 3. HP: 31/31 MP: 2/2
  1556 | D:2      | Reached skill level 1 in Armour
  1556 | D:2      | Reached XP level 4. HP: 30/40 MP: 3/3
  1701 | D:2      | Slain by a gnoll

Vault maps used:
D:1:      dpeg_arrival_rhombi

Skill      XL: |  1  2  3 |
---------------+----------+-----
Dodging        | 3 |  3.0
Axes           | 3 |  3.4
Armour         | 1 |  1.4
Fighting       | |  3.9
Stealth        | |  2.8

Action                   |  1- 3 |  4- 6 || total
-------------------------+-------+-------++-------
Melee: Hand axe          |   111 |    33 ||   144
  Use: Scroll            |     3 |       ||     3
 Stab: Sleeping          |     5 |       ||     5
  Eat: Chunk             |    10 |     1 ||    11
Armor: Robe              |     8 |       ||     8
       Leather armour    |    15 |     5 ||    20
Dodge: Dodged            |    76 |    23 ||    99
